 Dungeon Crawl Stone Soup version 0.28.0-45-g0d030f2227 (webtiles) character file.

Game seed: 15368032126359625861

2707 Iusername the Covered (level 9, -7/75 HPs)
             Began as a Minotaur Fighter on Apr 4, 2022.
             Was an Initiate of Dithmenos.
             Mangled by a very large slime creature (21 damage)
             ... on level 8 of the Dungeon.
             The game lasted 00:32:24 (8063 turns).

Iusername the Covered (Minotaur Fighter)            Turns: 8063, Time: 00:32:25

Health: -7/75      AC: 11    Str: 21    XL:     9   Next: 39%
Magic:  8/8        EV: 13    Int:  9    God:    Dithmenos [......]
Gold:   268        SH:  5    Dex: 10    Spells: 8/8 levels left

rFire   . . .      SeeInvis .   w - +2 short sword (protect)
rCold   + . .      Faith    .   c - +0 buckler
rNeg    . . .      Spirit   .   y - +2 robe {rC+}
rPois   +          Reflect  .   (helmet restricted)
rElec   .          Harm     .   (no cloak)
rCorr   .          Rampage  .   j - +2 pair of gloves
Will    .....                   r - +2 pair of boots
Stlth   ++........              (no amulet)
HPRegen 0.22/turn               f - ring of poison resistance
MPRegen 0.11/turn               (no ring)

@: no status effects
A: horns 2, retaliatory headbutt
a: Renounce Religion


You were on level 8 of the Dungeon.
You worshipped Dithmenos.
Dithmenos was noncommittal.
You visited 2 branches of the dungeon, and saw 9 of its levels.

You collected 268 gold pieces.

Inventory:

Hand Weapons
 a - a +0 long sword
 o - a +2 flail of holy wrath
 w - a +2 short sword of protection (weapon)
Missiles
 h - a throwing net
 C - 5 boomerangs (quivered)
Armour
 b - a +0 scale mail
 c - a +0 buckler (worn)
 j - a +2 pair of gloves (worn)
 r - a +2 pair of boots (worn)
 y - a +2 robe of cold resistance (worn)
Magical Staves
 p - a staff of earth
 s - a staff of conjuration
Jewellery
 f - a ring of poison resistance (left hand)
 i - a ring of positive energy
 z - a ring of ice
Scrolls
 d - 2 scrolls of amnesia {unknown}
 g - a scroll of torment {unknown}
 l - a scroll of fog {unknown}
 n - a scroll of noise {unknown}
 q - 5 scrolls of identify {unknown}
 t - 3 scrolls of teleportation {unknown}
 u - 3 scrolls of immolation {unknown}
 v - a scroll of enchant weapon {unknown}
 x - 3 scrolls of fear
 B - a scroll of vulnerability {unknown}
Potions
 e - a potion of brilliance
 k - a potion of haste {unknown}
 m - 2 potions of curing {unknown}
 A - 2 potions of attraction {unknown}
 D - a potion of lignification {unknown}


   Skills:
 + Level 6.2 Fighting
 + Level 5.9(7.3) Short Blades
 + Level 7.1(8.3) Long Blades
 + Level 1.9 Throwing
 + Level 7.4 Armour
 + Level 5.0 Dodging
 + Level 2.0 Stealth
 + Level 6.2 Shields
 + Level 0.9 Evocations


You had 8 spell levels left.
You didn't know any spells.
Your spell library contained the following spells:

 Spells                   Type           Power      Damage    Failure   Level
 Tukima's Dance           Hex            0%         N/A       83%         3
 Anguish                  Hex/Necr       0%         N/A       99%         4
 Enfeeble                 Hex            0%         N/A       100%        7


Dungeon Overview and Level Annotations

Branches:
Dungeon (8/15)             Temple (1/1) D:7
   Lair: D:8-11

Altars:
Dithmenos
Elyvilon
Kikubaaqudgha
Trog
Wu Jian
Zin

Shops:
D:4 [


Innate Abilities, Weirdness & Mutations

You have a pair of horns on your head.
You reflexively headbutt those who attack you in melee.


Message History

The orc warrior hits you but does no damage.
The orc priest barely misses you.
You hit the orc priest but do no damage.
Your headbutt misses the orc priest.
The orc warrior hits you but does no damage.
You barely miss the orc priest.
The orc priest casts a cantrip, but nothing happens.
You puncture the orc priest! Your headbutt misses the orc priest.
The orc priest is heavily wounded.
The orc warrior closely misses you.
Two slime creatures merge to form a large slime creature.
The orc priest invokes the aid of Beogh against you.
Pain shoots through your body!
You puncture the orc priest!
You kill the orc priest!
Dithmenos accepts your kill. The orc warrior closely misses you.
The slime creature closely misses you. The slime creature hits you!
The orc warrior hits you but does no damage.
Two slime creatures merge to form a very large slime creature.
The slime creature closely misses you.
Things that are here:
a +0 club; a +0 chain mail; an orc corpse The orc warrior hits you with a +0 hand axe!
You see here a red potion.
You barely miss the orc warrior. You headbutt the orc warrior.
The orc warrior is lightly wounded.
The slime creature barely misses you. You furiously retaliate!
You headbutt the slime creature.
The orc warrior hits you with a +0 hand axe!
The slime creature hits you but does no damage.
The very large slime creature hits you!
* * * LOW HITPOINT WARNING * * *
You feel much better. The slime creature hits you!
You block the orc warrior's attack. The slime creature hits you.
The very large slime creature hits you! The slime creature hits you!
* * * LOW HITPOINT WARNING * * *
The very large slime creature hits you!!
You die...

####### #.....#
#(....# .
#.....# ..
#.....# ...
..#.....## ....
.........# .....
...#####.###...#
#)o@..# #JJJ.##
...........#
....#.#....# ..
#.#....# .
#....# ## #.....
#.#.... ..#.....


You could see a very large slime creature, 2 slime creatures and an orc warrior.

Vanquished Creatures
  Pikel (D:4)
  Prince Ribbit (D:5)
  A wyvern (D:5)
  2 steam dragons
  An ice beast (D:7)
  An orc warrior (D:8)
  3 centaurs
  An ogre (D:6)
  2 lemures (D:4)
  2 kobold brigands
  3 bullfrogs
  A scorpion (D:7)
  A crimson imp (D:5)
  A centaur zombie (D:7)
  A jelly (D:5)
  4 hounds
  A bullfrog skeleton (D:6)
  A centaur skeleton (D:7)
  5 orc priests
  2 iguanas (D:7)
  2 orc wizards
  A killer bee zombie (D:7)
  3 adders
  3 gnolls (D:4)
  2 river rats (D:6)
  3 white imps
  An ufetubus (D:6)
  An adder skeleton (D:4)
  A worm (D:4)
  A dart slug (D:5)
  13 orcs
  9 endoplasms
  3 giant cockroaches
  8 hobgoblins
  4 jackals (D:1)
  2 quokkas
  A ball python (D:4)
  5 bats
  6 frilled lizards
  5 goblins
  20 kobolds
  8 rats
137 creatures vanquished.

Vanquished Creatures (collateral kills)
  An orc priest (D:6)
1 creature vanquished.

Vanquished Creatures (others)
  A kobold (D:7)
1 creature vanquished.

Grand Total: 139 creatures vanquished

Notes
Turn   | Place    | Note
-------+----------+-------------------------------------------
     0 | D:1      | Iusername the Minotaur Fighter began the quest for the Orb.
     0 | D:1      | Reached XP level 1. HP: 19/19 MP: 0/0
     6 | D:1      | Noticed a black bear
     6 | D:1      | Noticed a swamp worm
     6 | D:1      | Noticed a rime drake
     7 | D:1      | Noticed a black mamba
     7 | D:1      | Noticed an iguana
   131 | D:1      | Reached XP level 2. HP: 23/27 MP: 1/1
  1478 | D:2      | Reached XP level 3. HP: 33/33 MP: 2/2
  2198 | D:2      | Reached skill level 1 in Dodging
  2600 | D:3      | Reached XP level 4. HP: 28/40 MP: 3/3
  3207 | D:4      | Noticed a bullfrog
  3215 | D:4      | Killed a bullfrog
  3216 | D:4      | Reached XP level 5. HP: 35/47 MP: 4/4
  3440 | D:4      | Noticed a lemure
  3451 | D:4      | Killed a lemure
  3462 | D:4      | Noticed a lemure
  3463 | D:4      | Noticed a lemure
  3467 | D:4      | Noticed Pikel
  3476 | D:4      | Killed a lemure
  3477 | D:4      | Noticed a lemure
  3483 | D:4      | Killed Pikel
  3484 | D:4      | Reached skill level 5 in Fighting
  3484 | D:4      | Reached skill level 5 in Armour
  3484 | D:4      | Reached XP level 6. HP: 5/56 MP: 5/5
  3484 | D:4      | Reached XP level 7. HP: 5/61 MP: 6/6
  4035 | D:4      | Found Hupem's Antique Armour Shoppe.
  4247 | D:5      | Entered Level 5 of the Dungeon
  4263 | D:5      | Noticed Prince Ribbit
  4277 | D:5      | Killed Prince Ribbit
  4278 | D:5      | Reached skill level 1 in Short Blades
  4278 | D:5      | Reached skill level 1 in Stealth
  4278 | D:5      | Reached skill level 5 in Shields
  4525 | D:5      | Noticed a wyvern
  4531 | D:5      | Killed a wyvern
  4532 | D:5      | Reached XP level 8. HP: 54/69 MP: 7/7
  6283 | D:6      | Reached skill level 1 in Throwing
  6743 | D:7      | Reached XP level 9. HP: 44/75 MP: 8/8
  6812 | D:7      | Reached skill level 5 in Short Blades
  6950 | D:7      | Found a staircase to the Ecumenical Temple.
  7003 | Temple   | Entered the Ecumenical Temple
  7013 | Temple   | Became a worshipper of Dithmenos the Shadowed
  7117 | D:7      | Found a sand-covered staircase.
  8029 | D:8      | Reached skill level 5 in Dodging
  8063 | D:8      | Mangled by a very large slime creature

Illustrated notes

Levels and vault maps discovered:
D:1:      onia_arrival_zoo_common, layout_basic
D:2:      layout_loops_corners
D:3:      layout_rooms
D:4:      layout_cave_pools, serial_glass, glass_columns_a, glass_columns_a,
          serial_shops, nicolae_shop_behind_doors, uniq_pikel
D:5:      wad_pebble_path, layout_basic, minmay_fire_ice_demons,
          uniq_prince_ribbit1
D:6:      layout_basic, portal_sewer_entry_b, chequers_serial_rivers_room_a,
          hex_intersection, minivault_1
D:7:      layout_basic, minmay_temple_entry_waves, enter_ossuary_1,
          kennysheep_generic_room_8
D:8:      cheibrodos_wizards_tower, layout_basic, mainiacjoe_overflow_boulevard
Temple:   nicolae_temple_the_god_donut

Skill      XL: |  1  2  3  4  5  6  7  8  9 |
---------------+----------------------------+-----
Armour         | 4 5 6 7 |  7.4
Fighting       | 4 5 6 |  6.2
Shields        | 4 5 6 |  6.2
Long Blades    | 3 4 6 7 |  7.1
Dodging        | 1 2 4 5 |  5.0
Short Blades   | 1 4 5 |  5.9
Stealth        | 1 2 |  2.0
Throwing       | 1 |  1.9
Evocations     | |  0.9

Action                   |  1- 3 |  4- 6 |  7- 9 || total
-------------------------+-------+-------+-------++-------
Melee: Long sword        |    86 |    62 |       ||   148
       Headbutt          |    12 |     9 |    32 ||    53
       Short sword       |       |       |   206 ||   206
Throw: Boomerang         |       |       |    20 ||    20
Evoke: Wand              |       |       |     9 ||     9
  Use: Scroll            |     1 |       |     3 ||     4
       Potion            |       |     3 |     6 ||     9
Armor: Scale mail        |    63 |    40 |    27 ||   130
       Robe              |       |       |    98 ||    98
Dodge: Dodged            |    54 |    37 |   130 ||   221
Block: Buckler           |    29 |    19 |    57 ||   105
